 Dungeon Crawl Stone Soup version 0.18.1-1-g2f07953 (webtiles) character file.

320 Eucla the Spear-Bearer (level 6, -6/51 HPs)
             Began as a Merfolk Chaos Knight on May 8, 2016.
             Mangled by a gnoll
             ... wielding a +0 flail
              (12 damage)
             ... on level 3 of the Dungeon.
             The game lasted 00:05:02 (2565 turns).

Eucla the Spear-Bearer (Merfolk Chaos Knight)       Turns: 2565, Time: 00:05:02

Health: -6/51      AC:  6    Str: 14    XL:     6   Next: 46%
Magic:  6/6        EV: 12    Int: 12    God:    Xom [...*..]
Gold:   110        SH:  0    Dex: 13    Spells: 0 memorised, 5 levels left

rFire  + . .     SeeInvis .     o - +0 bardiche
rCold  . . .     Gourm    .     w - +2 leather armour {rF+}
rNeg   . . .     Faith    .     (shield currently unavailable)
rPois  .         Spirit   .     (no helmet)
rElec  +         Dismiss  .     (no cloak)
rCorr  .         Reflect  .     (no gloves)
SustAt .         Harm     +     p - +0 pair of boots
MR     .....                    r - amulet of harm
Stlth  +.........               (no ring)
                                (no ring)

@: not resistant to hostile enchantments, very unstealthy
A: change form in water, swift swim, electricity resistance
a: Renounce Religion


You were on level 3 of the Dungeon.
You worshipped Xom.
You were a favourite toy of Xom.
You were not hungry.

You visited 1 branch of the dungeon, and saw 4 of its levels.
You also visited: Sewer.

You collected 110 gold pieces.

Inventory:

Hand Weapons
 o - a +0 bardiche (weapon)
Armour
 p - a +0 pair of boots (worn)
 w - a +2 leather armour of fire resistance (worn)
Jewellery
 g - an uncursed ring of flight
 r - an amulet of harm (around neck)
 t - an uncursed ring of positive energy
Potions
 e - a potion of brilliance
 n - 3 potions of heal wounds
 v - 2 potions of berserk rage
Comestibles
 c - 3 bread rations
 i - a meat ration


   Skills:
 + Level 5.0 Fighting
 * Level 8.8 Polearms
 - Level 0.6 Armour
 - Level 2.6 Dodging
 + Level 0.5 Stealth


You had 5 spell levels left.
You didn't know any spells.

Dungeon Overview and Level Annotations

Branches:
Dungeon (4/15)
 Temple: D:4-7

Altars:


Innate Abilities, Weirdness & Mutations

You revert to your normal form in water.
You are very nimble and swift while swimming.
You are resistant to electric shocks.


Message History

There is a stone staircase leading down here.
The gnoll closely misses you. The gnoll hits you with a flail!
The gnoll hits you but does no damage. The gnoll closely misses you.
The gnoll hits you with a flail.
You see here a whip.
You slash the gnoll!
The gnoll is almost dead.
The gnoll completely misses you.
Unknown command.
You barely miss the gnoll. The gnoll hits you but does no damage.
Unknown command.
You hit the gnoll.
The gnoll is lightly wounded.
The gnoll barely misses you. The gnoll hits you with a club!
You barely miss the gnoll.
The gnoll is almost dead.
The gnoll hits you with a flail!
* * * LOW HITPOINT WARNING * * *
The gnoll closely misses you. The gnoll hits you with a flail!
You die...

###.##........##.##.#
#.#
.....+........##.##.#
#.#
###.##.........#.##.#
#.# #.##....)....#.##.#
#.# #.##...........##.#
#.# #.##........#..##.#
#.# #.##........#...#.#
#.# #.##........#.#.#.#
#.# #.#####....##g@...#
#.# #.# #.(..###g#..#
#.# ###.# ###....#
#)...# #.# ....#
#...†..# ##.#.# #.#
#######......# #...#
#.# ......#......#
##..# #.####
#####.#......#####..##
#.....
#..†..###....#.......#
######
#.#######....#.......##


You could see 2 gnolls.

Vanquished Creatures
  Purgy (Sewer)
  A gnoll shaman (D:4)
  An orc priest (D:3)
  2 gnolls (D:3)
  7 adders
  2 worms
  3 dart slugs
  3 giant geckos
  3 orcs (D:3)
  16 bats
  5 giant cockroaches
  7 hobgoblins
  2 jackals (D:1)
  A quokka (D:2)
  2 giant newts
  6 goblins
  7 kobolds
  4 rats (D:1)
73 creatures vanquished.

Notes
Turn   | Place    | Note
--------------------------------------------------------------
     0 | D:1      | Eucla the Merfolk Chaos Knight began the quest for the Orb.
     0 | D:1      | Reached XP level 1. HP: 18/18 MP: 1/1
    63 | D:1      | XOM: silly message
    74 | D:1      | Reached skill level 5 in Polearms
    74 | D:1      | Reached XP level 2. HP: 23/24 MP: 2/2
   237 | D:1      | Reached XP level 3. HP: 19/29 MP: 3/3
   379 | D:1      | XOM: divination: detect creatures
   465 | D:2      | XOM: silly message
   580 | D:2      | You fall through a shaft!
   597 | D:3      | Reached skill level 6 in Polearms
   666 | D:3      | Reached XP level 4. HP: 37/37 MP: 4/4
   965 | D:3      | Reached skill level 7 in Polearms
  1099 | D:3      | Found a glowing drain.
  1194 | Sewer    | Entered a sewer
  1225 | Sewer    | Noticed Purgy
  1229 | Sewer    | XOM: potion effect (invisibility)
  1243 | Sewer    | Killed Purgy
  1243 | Sewer    | Reached skill level 8 in Polearms
  1243 | Sewer    | Reached XP level 5. HP: 13/43 MP: 5/5
  1329 | Sewer    | XOM: harmless Fire miscast
  1505 | D:3      | XOM: harmless Erth miscast
  1739 | D:2      | Reached XP level 6. HP: 38/49 MP: 6/6
  1938 | D:2      | XOM: harmless Hex miscast
  2229 | D:2      | XOM: harmless Pois miscast
  2290 | D:2      | Gained mutation: You are agile. (Dex +2) [potion of mutation]
  2290 | D:2      | Gained mutation: You are resistant to electric shocks. [potion of mutation]
  2290 | D:2      | Lost mutation: You are agile. (Dex +2) [potion of mutation]
  2541 | D:4      | Reached skill level 5 in Fighting
  2565 | D:3      | Mangled by a gnoll

Skill      XL: |  1  2  3  4  5  6 |
---------------+-------------------+-----
Polearms       | 5 6 8 |  8.8
Fighting       | 4 5 |  5.0
Armour         | |  0.6
Dodging        | |  2.6
Stealth        | |  0.5

Action                   |  1- 3 |  4- 6 || total
-------------------------+-------+-------++-------
Melee: Spear             |   122 |    32 ||   154
       Bardiche          |       |   116 ||   116
  Use: Scroll            |       |    10 ||    10
       Potion            |       |     1 ||     1
 Stab: Distracted        |     1 |       ||     1
       Invisible         |       |     1 ||     1
  Eat: Chunk             |       |     5 ||     5
       Fruit             |       |     4 ||     4
       Pizza             |       |     1 ||     1
Armor: Leather armour    |    33 |    56 ||    89
Dodge: Dodged            |    62 |   114 ||   176
